AoeStats
← Ares

Arabia

510716900Analyzed
1v1 RM · 11h ago on Oct 2, 2026· 28m 36s· 2 players
Game mode
Random Map
Map size
Tiny (2 player)
Population
200
Speed
Normal
Resources
Standard
Victory
Conquest
Starting age
Dark Age
Ending age
Imperial Age
RankedLock teamsTeams togetherTeam positionsShared explorationLock speedFull tech treeHidden civsTurbo modeCheats
Victory
Defeat
🇬🇧 Romans · United Kingdom
1128
+16
🇨🇳 Chinese · China
1130
-16
Ares
1:03 Loom
9:43 Feudal Age
10:13 Double-Bit Axe
13:22 Man-at-Arms
15:40 Scale Mail Armor
16:21 Forging
19:22 Wheelbarrow
22:25 Castle Age
20:57 Gold Mining
21:05 Horse Collar
23:29 Squires
23:01 Long Swordsman
25:05 Chain Mail Armor
永不磨損型
0:27 Loom
10:47 Feudal Age
12:41 Wheelbarrow
12:15 Double-Bit Axe
12:49 Bloodlines
14:41 Forging
20:01 Horse Collar
19:58 Man-at-Arms
25:59 Castle Age
26:52 Scale Barding Armor
26:15 Crossbowman
27:23 Husbandry
Connection lost

Rejoining the realm…

Still unreachable

The connection could not be restored.

Session expired

The server has moved on; the page needs a fresh start.